 Dungeon Crawl Stone Soup version 0.26.1-11-gd32895ea62 (webtiles) character file.

Game seed: 556607378020236183

1058 Gerhazo the Destroyer (level 8, -6/57 HPs)
             Began as a Black Draconian Conjurer on June 6, 2021.
             Was a Believer of Vehumet.
             Mangled by an orc warrior
             ... wielding a +1 glaive of venom
              (24 damage)
             ... on level 6 of the Dungeon.
             The game lasted 00:06:43 (5918 turns).

Gerhazo the Destroyer (Black Draconian Conjurer)    Turns: 5918, Time: 00:06:44

Health: -6/57      AC:  7    Str: 15    XL:     8   Next: 6%
Magic:  12/24      EV: 12    Int: 23    God:    Vehumet [**....]
Gold:   306        SH:  0    Dex: 10    Spells: 9/16 levels left

rFire    . . .     SeeInvis .   k - +2 spear of Uskayaw's Whim {protect, MP+9 Int+2} (curse)
rCold    . . .     Faith    .   (no shield)
rNeg     . . .     Spirit   .   (armour unavailable)
rPois    .         Reflect  .   (helmet restricted)
rElec    +         Harm     .   (no cloak)
rCorr    .         Rampage  .   y - +0 pair of gloves
Will     .....                  (no boots)
Stlth    +++.......             (no amulet)
HPRegen  0.19/turn              i - +6 ring of strength
MPRegen  0.19/turn              q - ring of stealth

@: lethally poisoned (-6 -> -27)
A: breathe lightning, unfitting armour, electricity resistance, cold-blooded, AC
+6
a: Breathe Lightning, Renounce Religion


You were on level 6 of the Dungeon.
You worshipped Vehumet.
Vehumet was pleased with you.
You visited 2 branches of the dungeon, and saw 8 of its levels.
You also visited: Ossuary.

You collected 306 gold pieces.

Inventory:

Hand Weapons
 k - the cursed +2 spear of Uskayaw's Whim (weapon) {protect, MP+9 Int+2}
   (You found it on level 4 of the Dungeon)

   It grants its wielder temporary protection when it strikes (+7 to AC).
   It affects your intelligence (+2).
   It affects your magic capacity (+9).
   It has a curse placed upon it.
Armour
 y - a +0 pair of gloves (worn)
Jewellery
 i - a +6 ring of strength (left hand)
 q - a ring of stealth (right hand)
Wands
 d - a wand of random effects (38)
Scrolls
 b - 4 scrolls of remove curse {unknown}
 c - 8 scrolls of identify {unknown}
 e - 3 scrolls of amnesia {unknown}
 f - 3 scrolls of magic mapping {unknown}
 m - 4 scrolls of teleportation {unknown}
 n - a scroll of enchant armour {unknown}
 t - a scroll of random uselessness {unknown}
 v - a scroll of blinking {unknown}
 w - a scroll of fog {unknown}
Potions
 a - 3 potions of cancellation {unknown}
 g - 3 potions of degeneration {unknown}
 h - 6 potions of curing {unknown}
 j - 3 potions of lignification {unknown}
 l - 3 potions of ambrosia {unknown}
 o - 4 potions of heal wounds {unknown}
 p - a potion of haste {unknown}
 r - 3 potions of brilliance {unknown}
 s - a potion of might {unknown}
 u - a potion of mutation {unknown}
 x - a potion of attraction {unknown}


   Skills:
 - Level 1.7 Dodging
 - Level 1.7 Stealth
 + Level 4.9 Spellcasting
 * Level 8.2 Conjurations
 * Level 4.1 Air Magic


You had 9 spell levels left.
You knew the following spells:

 Your Spells              Type           Power        Failure   Level
a - Magic Dart            Conj           100%         1%          1
b - Searing Ray           Conj           86%          1%          2
d - Iskenderun's Mystic   Conj/Tloc      24%          17%         4

Your spell library contained the following spells:

 Spells                   Type           Power        Failure   Level
 Shock                    Conj/Air       100%         1%          1
 Dazzling Flash           Conj/Hex       48%          5%          3
 Fulminant Prism          Conj/Hex       12%          17%         4


Dungeon Overview and Level Annotations

Branches:
Dungeon (7/15)             Temple (1/1) D:4         Ossuary (visited)

Altars:
Ashenzari
Cheibriados
Elyvilon
Fedhas
Gozag
Hepliaklqana
Kikubaaqudgha
Nemelex Xobeh
Okawaru
Qazlal
Ru
Sif Muna
Trog
Vehumet
Wu Jian
Xom
Yredelemnul
Zin
The Shining One

Shops:
D:6 (


Innate Abilities, Weirdness & Mutations

You can breathe wild blasts of lightning.
Your glossy black scales are hard. (AC +6)
You cannot fit into any form of body armour.
You are resistant to electric shocks. (rElec)
You are cold-blooded and may be slowed by cold attacks.


Message History

Vehumet accepts your kill.
You feel your power returning.
Your Air Magic skill increases to level 4!
The searing ray hits the orc warrior!
The orc warrior is heavily wounded. (Press . to maintain the ray.)
The orc warrior barely misses you.
The searing ray hits the orc warrior!
The orc warrior is almost dead.
The orc warrior closely misses you.
The searing ray hits the orc warrior but does no damage.
The orc warrior is almost dead.
The searing ray hits the orc warrior.
The orc warrior is almost dead.
You finish channeling your searing ray.
The orc warrior hits you from afar with a +1 glaive of venom!
You are lethally poisoned!
You feel sick.
The orc warrior hits you from afar with a +1 glaive of venom!!
You die...

... ..# #.# #.# ###)#
..###...#####.#
.......).o?.... ....
#@# #.## #...
####(### #..# #...
#.....<####.######.##
#.##.................
# #####.............
#.............
#.............
#...........(.
#............♣


You could see an orc warrior.

Vanquished Creatures
  Edmund (D:4)
  An ice beast (D:7)
  2 ogres
  A centaur (D:7)
  A bullfrog (D:3)
  The ghost of Sackgasse the Chopper, a weakling MiBe of Trog (D:3)
  A quasit (D:5)
  A hound (D:6)
  An orc priest (D:6)
  4 orc wizards
  2 iguanas
  A worker ant (D:5)
  3 mummies (Ossuary)
  3 gnolls (D:2)
  A howler monkey skeleton (D:4)
  2 adders
  3 oozes
  4 adder zombies (Ossuary)
  4 worms
  A dart slug (D:1)
  6 orcs
  2 ball pythons
  7 bats
  3 giant cockroaches
  8 goblins
  7 hobgoblins
  8 kobolds
  6 quokkas
  5 frilled lizards
  2 goblin zombies (Ossuary)
  3 hobgoblin zombies (Ossuary)
  2 kobold zombies (Ossuary)
  2 quokka zombies (Ossuary)
  8 rats
  5 rat zombies (Ossuary)
112 creatures vanquished.

Vanquished Creatures (others)
  11 plants (D:2)
11 creatures vanquished.

Grand Total: 123 creatures vanquished

Notes
Turn   | Place    | Note
-------+----------+-------------------------------------------
     0 | D:1      | Gerhazo the Draconian Conjurer began the quest for the Orb.
     0 | D:1      | Reached XP level 1. HP: 14/14 MP: 3/3
   200 | D:1      | Reached XP level 2. HP: 20/20 MP: 0/5
   787 | D:1      | Reached XP level 3. HP: 26/26 MP: 2/6
   908 | D:1      | Learned a level 2 spell: Searing Ray
  1073 | D:2      | Found a glowing silver altar of Zin.
  1074 | D:2      | Found an opulent altar of Gozag.
  1248 | D:3      | Found a blossoming altar of Fedhas.
  1577 | D:3      | Reached skill level 5 in Conjurations
  1577 | D:3      | Reached XP level 4. HP: 33/33 MP: 3/8
  2114 | D:4      | Got an ichor-stained spear
  2115 | D:4      | Identified the cursed +2 spear of Uskayaw's Whim {protect,
                  | MP+9 Int+2} (You found it on level 4 of the Dungeon)
  2117 | D:4      | Noticed Edmund
  2140 | D:4      | Killed Edmund
  2141 | D:4      | Reached skill level 6 in Conjurations
  2141 | D:4      | Reached XP level 5. HP: 9/38 MP: 0/10
  2428 | D:4      | Found a staircase to the Ecumenical Temple.
  2442 | Temple   | Entered the Ecumenical Temple
  2488 | Temple   | Became a worshipper of Vehumet
  2637 | D:4      | Reached XP level 6. HP: 45/45 MP: 11/11
  2842 | D:4      | You fall into a shaft and drop 3 floors!
  2911 | D:7      | Noticed an ice beast
  2920 | D:7      | Killed an ice beast
  2921 | D:7      | Reached skill level 7 in Conjurations
  2940 | D:6      | Your scales start taking on a glossy black colour.
  2940 | D:6      | Reached XP level 7. HP: 50/50 MP: 13/13
  2940 | D:6      | Gained mutation: You are resistant to electric shocks.
                  | (rElec) [Black Draconian growth]
  2948 | D:6      | Found a sand-covered staircase.
  2953 | Ossuary  | Entered an ossuary
  3217 | Ossuary  | Reached skill level 1 in Air Magic
  3219 | Ossuary  | Reached * piety under Vehumet
  3219 | Ossuary  | Offered knowledge of Sandblast by Vehumet.
  3385 | D:6      | Learned a level 4 spell: Iskenderun's Mystic Blast
  3424 | D:6      | Found Ymo Xom's Weapon Shop.
  3491 | D:5      | Entered Level 5 of the Dungeon
  3994 | D:3      | Found a runed translucent door.
  3998 | D:3      | Noticed Sackgasse's ghost (weakling MiBe)
  4239 | D:3      | Found a hazy altar of Hepliaklqana.
  4239 | D:3      | Found an ancient bone altar of Kikubaaqudgha.
  4443 | D:3      | Found a runed translucent door.
  4564 | D:3      | Found a faded altar of an unknown god.
  4710 | D:2      | Reached ** piety under Vehumet
  4967 | D:2      | Offered knowledge of Shock by Vehumet.
  4982 | D:2      | Found a shimmering altar of Xom.
  5772 | D:3      | Reached skill level 8 in Conjurations
  5773 | D:3      | Killed Sackgasse's ghost
  5910 | D:6      | Reached XP level 8. HP: 32/57 MP: 15/15
  5918 | D:6      | Mangled by an orc warrior

Illustrated notes

Levels and vault maps discovered:
D:1:      lemuel_arrival_room, layout_rooms
D:2:      layout_rooms, grunt_temple_overflow_gold_and_silver,
          nicolae_overflow_crystal_walls, serial_forest,
          infiniplex_forest_side_room, infiniplex_forest_clump_tiny,
          infiniplex_forest_clump_cross, infiniplex_forest_end_3,
          infiniplex_forest_lined_room_2, infiniplex_forest_clump_C,
          infiniplex_forest_clump_long, supply_closet_lemuel, st_stairs_6,
          grunt_ministairs_8
D:3:      layout_loops_ring, fedhas_ov_isle_minmay,
          gammafunk_temple_overflow_pools, ebering_ghost_sewer_f,
          chequers_ecumenical_altar_island
D:4:      layout_cave_pools, minmay_temple_entry_drinking_statues,
          corexii_shack, fountainhead, minmay_misc_feat_tower, abandoned_shop,
          uniq_edmund
D:5:      layout_gridville, serial_shops, nicolae_shop_stone,
          grunt_ministairs_15
D:6:      layout_basic, serial_shops, shop, nicolae_shop_behind_doors,
          nicolae_shop_trees, enter_ossuary_5, uniq_maggie
D:7:      layout_basic, lemuel_coloured_pillars_altar, serial_shops,
          nicolae_shop_behind_doors
Temple:   cyrus_circular_temple

Skill      XL: |  1  2  3  4  5  6  7  8 |
---------------+-------------------------+-----
Conjurations   | 5 6 7 8 |  8.2
Spellcasting   | 3 4 |  4.9
Air Magic      | 3 4 |  4.1
Dodging        | |  1.7
Stealth        | |  1.7

Action                   |  1- 3 |  4- 6 |  7- 9 || total
-------------------------+-------+-------+-------++-------
Melee: Mace              |     3 |       |       ||     3
       Tailslap          |     1 |     1 |     2 ||     4
       Spear             |       |     4 |    12 ||    16
 Cast: Magic Dart        |    40 |       |       ||    40
       Searing Ray       |     7 |    15 |    58 ||    80
 Abil: Breathe Lightning |       |       |     1 ||     1
Armor: Skin              |     4 |     1 |    19 ||    24
Dodge: Dodged            |     8 |    11 |    24 ||    43
